 Dungeon Crawl Stone Soup version 0.20.1-1-g8b1a95d (webtiles) character file.

252 Jannitor the Vexing (level 5, -4/35 HPs)
             Began as a Demonspawn Enchanter on Sept 4, 2017.
             Slain by a centaur (9 damage)
             ... on level 3 of the Dungeon.
             The game lasted 00:05:18 (2902 turns).

Jannitor the Vexing (Demonspawn Enchanter)          Turns: 2902, Time: 00:05:18

Health: -4/35      AC:  6    Str:  8    XL:     5   Next: 89%
Magic:  2/8        EV: 12    Int: 17    God:
Gold:   189        SH:  0    Dex: 14    Spells: 2/8 levels left

rFire    . . .     SeeInvis .   n - +3 short sword
rCold    . . .     Gourm    .   (no shield)
rNeg     . . .     Faith    .   b - +0 robe
rPois    .         Spirit   .   (no helmet)
rElec    .         Reflect  .   q - scarf {repulsion}
rCorr    .         Harm     .   (no gloves)
MR       .....                  k - +1 pair of boots
Stlth    +++.......             (no amulet)
Regen    0.2/turn               (no ring)
MPRegen  0.2/turn               (no ring)

@: very slightly contaminated, repel missiles
A: claws 1, icy blue scales 1
a: no special abilities


You were on level 3 of the Dungeon.
You were hungry.

You visited 1 branch of the dungeon, and saw 3 of its levels.

You collected 189 gold pieces.

Inventory:

Hand Weapons
 a - a +1 dagger
 n - a +3 short sword (weapon)
Armour
 b - a +0 robe (worn)
 k - a +1 pair of boots (worn)
 q - a scarf of repulsion (worn)
Scrolls
 e - a scroll of blinking {unknown}
 f - a scroll of enchant weapon {unknown}
 g - 2 scrolls of amnesia
 h - 2 scrolls of remove curse
 l - 2 scrolls of enchant armour {unknown}
 p - a scroll of teleportation {unknown}
 r - a scroll of fear {unknown}
 t - 3 scrolls of identify
 w - a scroll of recharging {unknown}
Potions
 j - a potion of lignification
 o - a potion of mutation
 v - a potion of might
Books
 c - a book of Maledictions

   Spells                             Type                      Level
   a - Corona                         Hexes                        1
   b - Ensorcelled Hibernation        Hexes/Ice                    2
   c - Confuse                        Hexes                        3
   d - Tukima's Dance                 Hexes                        3
   e - Dazzling Spray                 Conjuration/Hexes            3
Comestibles
 d - 2 bread rations
 i - a royal jelly
 m - 3 chunks of flesh
 u - 2 meat rations


   Skills:
 + Level 3.1 Short Blades
 - Level 1.7 Dodging
 + Level 4.2 Stealth
 - Level 2.0 Spellcasting
 + Level 4.5 Hexes


You had 2 spell levels left.
You knew the following spells:

 Your Spells              Type           Power        Failure   Level  Hunger
a - Corona                Hex            ###....      3%          1    #......
b - Ensorcelled Hibernat  Hex/Ice        #.....       12%         2    ###....
c - Confuse               Hex            ###.....     9%          3    ###....


Dungeon Overview and Level Annotations

Branches:
Dungeon (3/15)

Altars:
Uskayaw
Vehumet
The Shining One

Annotations:
D:3 2 transporters


Innate Abilities, Weirdness & Mutations

You have sharp fingernails.
You are partially covered in icy blue scales. (AC +2)


Message History

You miscast Ensorcelled Hibernation.
You are very lightly contaminated with residual magic.
You hear an indistinct dissonance whispering inside your mind.
The centaur completely misses you.
Casting: Ensorcelled Hibernation
Confirm with . or Enter, or press ? or * to list all spells.
Aiming: Ensorcelled Hibernation
Press: ? - help, Shift-Dir - straight line, f/p - centaur
Aim: a centaur (heavily wounded, chance to defeat MR: 40%)
The centaur resists with some effort.
The centaur closely misses you.
The centaur hits you but does no damage.
Casting: Ensorcelled Hibernation
Confirm with . or Enter, or press ? or * to list all spells.
Aiming: Ensorcelled Hibernation
Press: ? - help, Shift-Dir - straight line, f/p - centaur
Aim: a centaur (heavily wounded, chance to defeat MR: 40%)
The centaur resists with some effort.
You are feeling hungry.
The centaur hits you!
You die...

#.. .# ... ##.
... ... ## .. ..
# .# # #.#
...##.# #
#.##.#..... #
#.......... #
##..#c#.#..#
#...@......#
######...........
#.........##...##
#.......(......#
#.........##.....
#.......(.# ..##
#...(.(...# # .#
#......†..#.##.#
#.........#....


You could see a centaur.

Vanquished Creatures
  The ghost of letownia the Insei, an amateur OpTm (D:3)
  Jessica (D:2)
  7 adders
  A worm (D:2)
  4 dart slugs
  2 orcs (D:3)
  6 giant cockroaches
  7 goblins
  4 hobgoblins
  5 jackals (D:2)
  13 kobolds
  3 quokkas
  10 bats
  4 frilled lizards
  11 rats
79 creatures vanquished.

Notes
Turn   | Place    | Note
-------+----------+-------------------------------------------
     0 | D:1      | Jannitor the Demonspawn Enchanter began the quest for the Orb.
     0 | D:1      | Reached XP level 1. HP: 13/13 MP: 3/3
    95 | D:1      | Reached skill level 1 in Short Blades
   310 | D:1      | Gained mutation: You have sharp fingernails. [demonic ancestry]
   310 | D:1      | Reached XP level 2. HP: 19/19 MP: 3/5
   607 | D:2      | Learned a level 2 spell: Ensorcelled Hibernation
   679 | D:2      | Reached XP level 3. HP: 18/24 MP: 6/6
   933 | D:2      | Found a radiant altar of Vehumet.
  1736 | D:2      | Gained mutation: You are partially covered in icy blue scales. (AC +2) [demonic ancestry]
  1736 | D:2      | Reached XP level 4. HP: 28/30 MP: 7/7
  1984 | D:2      | Noticed Jessica
  2005 | D:2      | Killed Jessica
  2263 | D:2      | Reached XP level 5. HP: 19/35 MP: 1/8
  2498 | D:3      | Noticed letownia's ghost (amateur OpTm)
  2514 | D:3      | Learned a level 3 spell: Confuse
  2537 | D:3      | Killed letownia's ghost
  2638 | D:3      | Found a transporter.
  2652 | D:3      | Found a transporter.
  2803 | D:3      | Found a glowing golden altar of the Shining One.
  2859 | D:3      | Noticed a dagger
  2860 | D:3      | Noticed a hand axe
  2861 | D:3      | Found a hide-covered altar of Uskayaw.
  2893 | D:3      | Noticed a centaur
  2902 | D:3      | Slain by a centaur

Skill      XL: |  1  2  3  4  5 |
---------------+----------------+-----
Short Blades   | 1 2 3 |  3.1
Stealth        | 3 4 |  4.2
Hexes          | 4 |  4.5
Dodging        | |  1.7
Spellcasting   | |  2.0

Action                   |  1- 3 |  4- 6 || total
-------------------------+-------+-------++-------
Melee: Dagger            |    84 |       ||    84
       Short sword       |    50 |    93 ||   143
 Cast: Corona            |     1 |       ||     1
       Ensorcelled Hiber |     3 |     8 ||    11
       Confuse           |       |     1 ||     1
  Use: Potion            |     1 |       ||     1
       Scroll            |       |     7 ||     7
 Stab: Sleeping          |    10 |     9 ||    19
       Distracted        |       |     1 ||     1
  Eat: Chunk             |     3 |     4 ||     7
Armor: Robe              |    49 |    21 ||    70
Dodge: Dodged            |   139 |    59 ||   198
       Deflected         |       |     2 ||     2
